 Dungeon Crawl Stone Soup version 0.31-a0-1499-ge0622b2318 (webtiles) character file.

Game seed: 12960416159007320026

8538 dialectric the Protected (level 11, -14/89 HPs)
             Began as a Minotaur Fighter on Dec 29, 2023.
             Was an Elder of Makhleb.
             Demolished by a two-headed ogre
             ... wielding a +0 giant spiked club
              (30 damage)
             ... on level 8 of the Dungeon.
             The game lasted 00:12:16 (10071 turns).

dialectric the Protected (Minotaur Fighter)        Turns: 10071, Time: 00:12:16

Health: -14/89     AC: 15    Str: 22    XL:     11   Next: 11%
Magic:  10/10      EV: 12    Int:  5    God:    Makhleb [****..]
Gold:   957        SH:  0    Dex: 13    Spells: 10/10 levels left

rFire   + . .        B - +2 mace (freeze)
rCold   . . .        (no shield)
rNeg    . . .        H - +0 chain mail
rPois   +            f - +1 hat {Will+}
rElec   .            (no cloak)
rCorr   .            o - +0 pair of gloves
SInv    .            (no boots)
Will    +....        (no amulet) Stlth
                     e - ring of poison resistance
HPRegen 0.34/turn    s - ring of protection from fire
MPRegen 0.12/turn

%: no passive effects
@: no status effects
A: horns 2, retaliatory headbutt
a: Renounce Religion, Minor Destruction, Lesser Servant of Makhleb, Major
Destruction


You were on level 8 of the Dungeon.
You worshipped Makhleb.
Makhleb was greatly pleased with you.
You visited 2 branches of the dungeon, and saw 13 of its levels.

You collected 957 gold pieces.

Inventory:

Hand Weapons
 a - a +0 flail
 d - a +0 mace of protection
 p - a +0 hand axe of venom
 q - a +0 short sword
 z - a +0 morningstar
 B - a +2 mace of freezing (weapon)
Missiles
 r - 15 poisoned darts (quivered)
 K - a throwing net
Armour
 b - a +0 scale mail
 c - a +0 buckler
 f - a +1 hat of willpower (worn)
 k - a +0 chain mail
 o - a +0 pair of gloves (worn)
 H - a +0 chain mail (worn)
Jewellery
 e - a ring of poison resistance (left hand)
 l - a ring of flight
 s - a ring of protection from fire (right hand)
 v - an amulet of magic regeneration
 F - a ring of see invisible
Talismans
 t - a serpent talisman
Wands
 y - a wand of flame (15)
 E - a wand of iceblast (4)
 G - a wand of paralysis (6)
Scrolls
 h - a scroll of revelation
 i - a scroll of enchant armour {unknown}
 u - 2 scrolls of blinking
 x - 3 scrolls of identify
 A - a scroll of poison {unknown}
 C - a scroll of noise {unknown}
 J - 2 scrolls of teleportation
 L - a scroll of silence {unknown}
Potions
 g - 2 potions of resistance {unknown}
 j - 4 potions of enlightenment
 m - 2 potions of attraction
 n - 2 potions of curing {unknown}
 D - 2 potions of magic {unknown}
 I - 2 potions of brilliance {unknown}


   Skills:
 + Level 6.1 Fighting
 + Level 12.9 Maces & Flails
 + Level 13.0 Armour
 - Level 8.1 Dodging
 - Level 4.0 Shields


You had 10 spell levels left.
You didn't know any spells.
Your spell library contained the following spells:

 Spells                   Type           Power      Damage    Failure   Level
 Magic Dart               Conj           0%         1d3       92%         1
 Blink                    Tloc           0%         N/A       98%         2
 Call Imp                 Summ           0%         N/A       98%         2
 Cigotuvi's Dreadful Rot  Necr/Alch/Air  0%         N/A       98%         2
 Call Canine Familiar     Summ           0%         N/A       100%        3
 Dazzling Flash           Conj/Hex       0%         N/A       100%        3
 Sigil of Binding         Hex            0%         N/A       100%        3
 Volatile Blastmotes      Fire/Tloc      0%         2d10      100%        3
 Animate Dead             Necr           0%         N/A       100%        4
 Dimensional Bullseye     Hex/Tloc       0%         N/A       100%        4
 Fulminant Prism          Conj/Alch      0%         3d5       100%        4
 Ignite Poison            Fire/Alch      0%         N/A       100%        4
 Iskenderun's Mystic Bla  Conj/Tloc      0%         2d3       100%        4
 Borgnjor's Vile Clutch   Necr/Erth      0%         N/A       100%        5
 Freezing Cloud           Conj/Ice/Air   0%         6-21      100%        5
 Death Channel            Necr           0%         N/A       100%        6
 Starburst                Conj/Fire      0%         6d3       100%        6
 Malign Gateway           Summ/Tloc      0%         N/A       100%        7
 Maxwell's Capacitive Co  Air            0%         ∞         100%        8
 Summon Horrible Things   Summ           0%         N/A       100%        8


Dungeon Overview and Level Annotations

Branches:
Dungeon (11/15)            Temple (0/1) D:7             Orc (2/2) D:9
    Elf (0/3) Orc:2
   Lair: D:8-11

Altars:
Dithmenos
Gozag
Makhleb
Uskayaw
Wu Jian
Xom
Zin

Shops:
D:2 [   D:9 [

Annotations:
D:4 3 runed translucent doors, ShellytheWitch's ghost, novice KoBr
D:8 3 runed translucent doors, Sonofthefire's ghost, novice OpSh
Orc:2 Urug


Innate Abilities, Weirdness & Mutations

You have a pair of horns on your head.
You reflexively headbutt those who attack you in melee.


Message History

There is an entrance to a volcano on this level.
Hurry and find it before the entrance collapses!
You hear the brisk rumble of a very distant avalanche of rocks.
Reactivating autopickup.
There is a stone staircase leading down here.
Unknown command.
Unknown command.
The orc warrior hits you with a +0 long sword!
The orc wizard hits you with a +0 dagger.
The two-headed ogre attacks as it pursues you!
The two-headed ogre hits you with a +0 giant spiked club!
* * * LOW HITPOINT WARNING * * *
The two-headed ogre misses you.
There is a staircase back to the Dungeon, spattered with blood here.
Unknown command.
Unknown command.
The orc warrior hits you with a +0 long sword.
* * * LOW HITPOINT WARNING * * *
The orc wizard closely misses you.
You climb upwards.
Welcome back to the Dungeon!
There is a staircase to the Orcish Mines here.
Unknown command.
Unknown command.
Unknown command.
Things that are here:
a +0 dagger; a +0 ring mail; a +0 hand axe
There is a stone staircase leading up, spattered with blood here.
The two-headed ogre barely misses you. You furiously retaliate!
You headbutt the two-headed ogre, but do no damage.
The two-headed ogre hits you with a +0 giant club.
* * * LOW HITPOINT WARNING * * *
You climb upwards.
Level annotation: 3 runed translucent doors, Sonofthefire's ghost, novice OpSh
There is a stone staircase leading down, spattered with blood here.
Things that are here:
a +0 chain mail; a boomerang; a +0 mace Unknown command.
Unknown command.
The two-headed ogre attacks as it pursues you!
The two-headed ogre hits you with a +0 giant spiked club!!
You die...

###...##..............#
....#.................#
#####.................# #
####........####### #
##.>....############
#.[...............#
#([.....#.........#
#########.....)[##........#
...............O@.........#
###########...####........#
#....## #>.......# #....#
#........# #....#
#........# #....#
#........# #....#
#........# #....#
########## #....#


You could see a two-headed ogre.

Vanquished Creatures
  Gastronok (D:8)
  A two-headed ogre (D:8)
  Pikel (D:5)
  An orc knight (D:8)
  A manticore (D:7)
  Joseph (D:10)
  A kobold demonologist (D:10)
  A komodo dragon (D:9)
  2 trolls
  3 water moccasins (D:7)
  5 orc warriors
  4 ice beasts
  A sky beast (D:7)
  3 ogres
  4 centaurs
  Blork the orc (D:5)
  3 phantoms (D:5)
  2 lemures (D:5)
  5 bullfrogs
  2 kobold brigands
  4 scorpions
  7 wights
  2 howler monkeys
  4 hounds
  A jelly (D:6)
  3 gnoll boudas
  9 orc priests
  A sleepcap (D:7)
  3 iguanas
  7 orc wizards
  Robin (D:3)
  3 adders
  8 gnolls (D:9)
  A ribbon worm (D:2)
  A shadow imp (D:5)
  A white imp (D:8)
  2 ufetubi (D:3)
  A dart slug (D:2)
  56 orcs
  6 ball pythons
  9 endoplasms
  4 giant cockroaches
  13 hobgoblins
  4 jackals (D:4)
  4 quokkas
  4 bats
  2 frilled lizards
  16 goblins
  16 kobolds
  4 rats
240 creatures vanquished.

Vanquished Creatures (others)
  A steam dragon (D:8)
1 creature vanquished.

Grand Total: 241 creatures vanquished

Notes
Turn   | Place    | Note
-------+----------+-------------------------------------------
     0 | D:1      | dialectric the Minotaur Fighter began the quest for the
                  | Orb.
     0 | D:1      | Reached XP level 1. HP: 19/19 MP: 0/0
   127 | D:1      | Reached XP level 2. HP: 27/27 MP: 1/1
   884 | D:2      | Reached skill level 4 in Armour
   912 | D:2      | Reached XP level 3. HP: 29/33 MP: 2/2
  1122 | D:2      | Reached skill level 1 in Dodging
  1517 | D:2      | Found Lewic's Armour Emporium.
  1720 | D:3      | Reached XP level 4. HP: 40/40 MP: 3/3
  1935 | D:3      | Noticed Robin
  1945 | D:3      | Killed Robin
  2149 | D:3      | Found a faded altar of an unknown god.
  2160 | D:3      | Prayed at the altar of an unknown god.
  2160 | D:3      | Became a worshipper of Makhleb the Destroyer
  2160 | D:3      | Reached * piety under Makhleb
  2246 | D:4      | Found a glowing silver altar of Zin.
  2247 | D:4      | Found a burning altar of Makhleb.
  2250 | D:4      | Found a shimmering altar of Xom.
  2262 | D:4      | Found a hide-covered altar of Uskayaw.
  2263 | D:4      | Found a shadowy altar of Dithmenos.
  2286 | D:4      | Reached XP level 5. HP: 46/46 MP: 4/4
  2398 | D:4      | Noticed a lemure
  2399 | D:4      | Noticed a lemure
  2401 | D:4      | Noticed Pikel
  2426 | D:5      | Entered Level 5 of the Dungeon
  2428 | D:5      | Noticed Blork the orc
  2430 | D:5      | Reached skill level 5 in Armour
  2435 | D:5      | HP: 2/46 [Blork the orc/+1 heavy battleaxe (22)]
  2440 | D:5      | Killed Blork the orc
  2609 | D:5      | Reached XP level 6. HP: 48/52 MP: 5/5
  2611 | D:5      | Reached skill level 5 in Maces & Flails
  2643 | D:5      | Reached skill level 6 in Armour
  2925 | D:5      | Reached XP level 7. HP: 18/59 MP: 6/6
  3429 | D:5      | Reached skill level 7 in Armour
  3429 | D:5      | Reached skill level 5 in Dodging
  3679 | D:6      | Reached XP level 8. HP: 66/66 MP: 7/7
  4362 | D:5      | HP: 2/66 [Pikel/+0 whip of flaming (3)]
  4365 | D:5      | Killed Pikel
  4366 | D:5      | Reached skill level 8 in Armour
  4771 | D:4      | Found a runed translucent gate.
  4771 | D:4      | Found a runed translucent gate.
  4771 | D:4      | Found a runed translucent gate.
  4771 | D:4      | Noticed ShellytheWitch's ghost (novice KoBr)
  4868 | D:4      | Reached ** piety under Makhleb
  5251 | D:7      | Reached XP level 9. HP: 25/71 MP: 8/8
  5255 | D:7      | Reached skill level 9 in Armour
  5765 | D:7      | Found an ornate altar of the Wu Jian Council.
  6130 | D:7      | Reached skill level 10 in Armour
  6185 | D:7      | Found a staircase to the Ecumenical Temple.
  6318 | D:7      | Reached skill level 10 in Maces & Flails
  6638 | D:7      | Noticed a manticore
  6650 | D:7      | Killed a manticore
  6825 | D:8      | Noticed Gastronok
  6838 | D:8      | Reached *** piety under Makhleb
  6851 | D:8      | Reached XP level 10. HP: 35/78 MP: 9/9
  6852 | D:8      | Killed Gastronok
  6853 | D:8      | Reached skill level 11 in Armour
  7187 | D:8      | Found a runed translucent gate.
  7187 | D:8      | Found a runed translucent gate.
  7187 | D:8      | Found an opulent altar of Gozag.
  7188 | D:8      | Found a runed translucent gate.
  7191 | D:8      | Noticed Sonofthefire's ghost (novice OpSh)
  7295 | D:9      | Found a staircase to the Orcish Mines.
  7295 | D:9      | Found Naham's Armour Boutique.
  7302 | D:9      | Noticed a two-headed ogre
  7499 | D:8      | Killed a two-headed ogre
  7500 | D:8      | Reached skill level 12 in Armour
  8217 | D:9      | Reached **** piety under Makhleb
  8521 | D:10     | Entered Level 10 of the Dungeon
  8592 | D:10     | Noticed Joseph
  8607 | D:10     | Killed Joseph
  8608 | D:10     | Reached skill level 5 in Fighting
  9460 | D:10     | Reached XP level 11. HP: 88/88 MP: 10/10
  9663 | Orc:1    | Entered Level 1 of the Orcish Mines
  9663 | Orc:1    | Noticed an orc knight
  9683 | D:8      | Killed an orc knight
  9712 | D:8      | Reached skill level 13 in Armour
 10039 | Orc:2    | Entered Level 2 of the Orcish Mines
 10039 | Orc:2    | Noticed Urug
 10039 | Orc:2    | Found a staircase to the Elven Halls.
 10050 | Orc:2    | Noticed a two-headed ogre
 10071 | D:8      | Demolished by a two-headed ogre

Illustrated notes

Levels and vault maps discovered:
D:1:      minmay_arrival_radiant_lines, layout_basic
D:2:      layout_basic, serial_shops, nicolae_shop_tiny_real_fake_doors,
          minmay_misc_feat_encased
D:3:      layout_loops_ring, shapermc_ecumenical_altar_flowoftime,
          minmay_fountain_box, minivault_5, uniq_robin
D:4:      cheibrodos_barr_body, layout_cave_pools, grunt_temple_overflow_open,
          ebering_ghost_rock_garden, uniq_pikel
D:5:      layout_loops_corners, uniq_blork_the_orc
D:6:      layout_gridville, kennysheep_generic_room_13
D:7:      minmay_octagon_keep, layout_basic, marbit_many_paths, temple_hall,
          serial_glass, glass_columns_a, glass_columns_b, glass_columns_b,
          glass_columns_a, glass_columns_a, glass_columns_b, serial_park_tiny_1,
          grunt_ministairs_10
D:8:      layout_rooms, ebering_ghost_gozag, uniq_gastronok
D:9:      layout_loops_ring, orc_david_3
D:10:     layout_roguey, uniq_joseph
D:11:     layout_cave_pools, due_lair_maze_entry_diamond,
          gauntlet_entry_generic, uniq_erica
Orc:1:    layout_caves, nicolae_volcano_entry_two_sided,
          statue_in_the_mist_lemuel, nicolae_shop_overcharged_wands
Orc:2:    grunt_orc_community_town_hall, layout_caves,
          grunt_orc_community_big_house_1, grunt_orc_community_big_house_2,
          grunt_orc_community_house_3, grunt_orc_community_house_1,
          grunt_orc_community_house_2, grunt_orc_community_house_2,
          grunt_orc_community_house_1, grunt_orc_community_house_2,
          uniq_saint_roka, uniq_urug, uniq_jorgrun

Skill      XL: |  1  2  3  4  5  6  7  8  9 10 11 |
---------------+----------------------------------+-----
Shields        | 4 |  4.0
Fighting       | 4 5 6 |  6.1
Armour         | 4 5 6 7 8 10 12 13 | 13.0
Maces & Flails | 3 4 5 6 8 10 12 | 12.9
Dodging        | 1 2 3 4 5 7 8 |  8.1

Action                     |  1- 3 |  4- 6 |  7- 9 | 10-12 || total
---------------------------+-------+-------+-------+-------++-------
  Melee: Flail             |    68 |     1 |       |       ||    69
         Headbutt          |    11 |    19 |    56 |    38 ||   124
         Hand axe          |       |   105 |   274 |   140 ||   519
         Punch             |       |       |     3 |     1 ||     4
         Mace              |       |       |       |    54 ||    54
  Throw: Dart              |       |       |     4 |       ||     4
    Use: Potion            |       |     3 |     3 |     1 ||     7
         Scroll            |       |     2 |     5 |     4 ||    11
   Stab: Invisible         |       |       |     1 |       ||     1
 Armour: Scale mail        |    46 |    72 |    70 |       ||   188
         Chain mail        |       |       |   170 |   179 ||   349
         Skin              |       |       |     2 |       ||     2
  Dodge: Dodged            |    33 |    54 |   168 |   174 ||   429

Table legend: (Time is in decaauts)
 A = Elapsed time spent in this place.
 B = Non-inter-level travel time spent in this place.
 C = Inter-level travel time spent in this place.
 D = Time resting spent in this place.
 E = Time spent auto-exploring this place.
 F = Levels seen in this place.
 G = Mean time per level.
                   A        B        C        D        E       F      G
               +--------+--------+--------+--------+--------+-----+--------+
         Total |  10102 |   9857 |    245 |    974 |   7063 |  13 |  777.1 |
       Dungeon |   9937 |   9692 |    245 |    974 |   6948 |  11 |  903.4 |
  Orcish Mines |    165 |    165 |      0 |      0 |    115 |   2 |   82.5 |
               +--------+--------+--------+--------+--------+-----+--------+

Top non-repeatable levels by time:
     D:7: 1725 daAuts
     D:5: 1614 daAuts
    D:10: 1104 daAuts
     D:9: 1090 daAuts
     D:1: 862 daAuts
     D:8: 860 daAuts
     D:2: 846 daAuts
     D:6: 668 daAuts
     D:4: 594 daAuts
     D:3: 563 daAuts
   Orc:1: 146 daAuts
   Orc:2: 19 daAuts
    D:11: 6 daAuts
